 Dungeon Crawl Stone Soup version 0.31-a0-198-g2ad674f65e (webtiles) character file.

Game seed: 6963561687154396244

1227 pokeman the Thaumaturge (level 8, -2/43 HPs)
             Began as a Deep Elf Hedge Wizard on June 25, 2023.
             Was an Initiate of Vehumet.
             Splashed by a jelly's acid (9 damage)
             ... on level 6 of the Dungeon.
             The game lasted 00:08:48 (6634 turns).

pokeman the Thaumaturge (Deep Elf Hedge Wizard)     Turns: 6634, Time: 00:08:48

Health: -2/43      AC: -1    Str: 10    XL:     8   Next: 23%
Magic:  3/22       EV: 13    Int: 28    God:    Vehumet [......]
Gold:   222        SH:  0    Dex: 17    Spells: 13/24 levels left

rFire   + . .        t - +5 mace "Koafed" {pain, rElec rF+ Str+3 Dex+3}
rCold   . . .        (no shield)
rNeg    . . .        b - +0 robe
rPois   .            c - +0 hat
rElec   +            (no cloak)
rCorr   .            (no gloves)
SInv    .            (no boots)
Will    +....        (no amulet)
Stlth   ++           u - +6 ring of intelligence
HPRegen 0.27/turn    n - ring of willpower
MPRegen 0.18/turn

%: no passive effects
@: corroded
A: no striking features
a: Renounce Religion


You were on level 6 of the Dungeon.
You worshipped Vehumet.
Vehumet was noncommittal.
You visited 2 branches of the dungeon, and saw 7 of its levels.

You collected 222 gold pieces.

Inventory:

Hand Weapons
 t - the +5 mace "Koafed" (weapon) {pain, rElec rF+ Str+3 Dex+3}
   (You found it on level 4 of the Dungeon)

   Str:       It affects your strength (+3).
   Dex:       It affects your dexterity (+3).
   rF:        It protects you from fire.
   rElec:     It insulates you from electricity.
Missiles
 k - 2 throwing nets
Armour
 b - a +0 robe (worn)
 c - a +0 hat (worn)
 s - a +0 kite shield
Magical Staves
 i - a staff of earth
Jewellery
 h - a +6 ring of dexterity
 n - a ring of willpower (right hand)
 u - a +6 ring of intelligence (left hand)
 w - a ring of ice
Scrolls
 g - 3 scrolls of enchant weapon {unknown}
 l - 3 scrolls of silence {unknown}
 o - 3 scrolls of teleportation
 r - 2 scrolls of noise {unknown}
 v - 3 scrolls of identify {unknown}
 x - 3 scrolls of poison {unknown}
 y - a scroll of immolation {unknown}
 z - a scroll of vulnerability {unknown}
Potions
 a - a potion of might {unknown}
 d - 3 potions of magic
 e - a potion of haste {unknown}
 f - 3 potions of curing
 j - a potion of brilliance {unknown}
 m - 2 potions of ambrosia {unknown}
 p - a potion of berserk rage {unknown}
 q - a potion of enlightenment {unknown}


   Skills:
 - Level 1.0 Fighting
 - Level 1.0 Armour
 - Level 3.0 Dodging
 - Level 3.0 Stealth
 + Level 1.8 Shields
 * Level 8.8 Spellcasting
 + Level 6.2 Conjurations
 - Level 1.1 Summonings
 - Level 1.1 Necromancy
 - Level 1.1 Translocations
 - Level 1.1 Air Magic
 + Level 2.9 Earth Magic
 - Level 1.0 Poison Magic
 - Level 1.0 Evocations


You had 13 spell levels left.
You knew the following spells:

 Your Spells              Type           Power      Damage    Failure   Level
a - Magic Dart            Conj           100%       1d8       1%          1
b - Mephitic Cloud        Conj/Pois/Air  28%        N/A       4%          3
c - Call Imp              Summ           36%        N/A       4%          2
d - Blink                 Tloc           36%        N/A       4%          2
e - Stone Arrow           Conj/Erth      76%        3d11      1%          3

Your spell library contained the following spells:

 Spells                   Type           Power      Damage    Failure   Level
 Sandblast                Erth           58%        2d13      1%          1
 Passwall                 Tmut/Erth      16%        N/A       3%          2
 Slow                     Hex            48%        N/A       4%          1
 Cigotuvi's Dreadful Rot  Necr/Pois/Air  36%        N/A       4%          2


Dungeon Overview and Level Annotations

Branches:
Dungeon (6/15)             Temple (1/1) D:6

Altars:
Ashenzari
Cheibriados
Dithmenos
Elyvilon
Fedhas
Gozag
Hepliaklqana
Makhleb
Nemelex Xobeh
Okawaru
Ru
Sif Muna
Trog
Uskayaw
Vehumet
Xom
Yredelemnul
Zin
The Shining One

Portals:
Abyss: D:3

Annotations:
D:3 2 transporters, rinse's ghost, amateur MfGl


Message History

Aiming: Stone Arrow (safe; 1% risk of failure)
Press: ? - help, Shift-Dir - straight line, f/p - kobold brigand
Aim: a kobold brigand, wielding a +0 club and quivering curare-tipped darts (moderately wounded, confused, 88% to hit)
The stone arrow hits the kobold brigand!
The kobold brigand is severely wounded.
The howler monkey is engulfed in noxious fumes.
The howler monkey hits the kobold brigand.
The howler monkey barely misses itself.
Casting: Stone Arrow (safe; 1% risk of failure)
Confirm with . or Enter, or press ? or * to list all spells.
You don't have enough magic to cast this spell.
Unknown command.
Unknown command.
The jelly attacks as you move away! The jelly barely misses you.
Your cerulean imp hits the howler monkey with a -3 spear.
The howler monkey hits the kobold brigand.
The jelly misses you.
The kobold brigand grins madly.
Your cerulean imp hits the howler monkey with a -3 spear.
The howler monkey completely misses something.
The phantom hits something.
The kobold brigand mumbles something.
The howler monkey barely misses the phantom.
The jelly attacks as you move away! The jelly closely misses you.
Your cerulean imp hits the phantom but does no damage.
The howler monkey completely misses the phantom.
The jelly closely misses you. The jelly hits you but does no damage.
The kobold brigand hits the phantom with a +0 club!
You feel yourself speed up.
The kobold brigand wonders, "What am I doing in here?"
Your cerulean imp hits the kobold brigand but does no damage.
The jelly attacks as you move away! The jelly hits you. The acid corrodes you!
You are splashed with acid.
* * * LOW HITPOINT WARNING * * *
There is an open door here.
The jelly attacks as you move away! The jelly hits you.
* * * LOW HITPOINT WARNING * * *
You are splashed with acid!
You die...

#.............+ #.....#
#.............# ##...##
#.............#+### #.).#
#....#.8.#........# #...#
#.................# ##J##
#####8.>.8####....# #h#
#...........+....########.#
#...#.8.#...#..J....5...#.# ..
#..##..#######@##..W....#.#....
#..##..###..##..#.......†5.....
#...#...........#...#####......
#..##.......##..#.###.~≈#######
#..##<......#######..~≈≈≈≈##
#.............####...~~~≈≈≈#
#......##.#............≈≈≈≈#
#..#####.####........~~≈≈≈≈#
#..##.#.##..##........~~≈≈≈#


You could see a jelly and a friendly cerulean imp (summoned).

Vanquished Creatures
  Sigmund (D:3)
  An ice beast (D:5)
  A sky beast (D:6)
  3 phantoms
  A scorpion (D:5)
  A howler monkey (D:5)
  2 hounds
  3 jellies
  An orc priest (D:5)
  6 iguanas
  An orc wizard (D:5)
  4 gnolls
  8 adders
  3 worms
  2 dart slugs (D:3)
  15 orcs
  9 ball pythons
  5 bats
  5 endoplasms
  3 giant cockroaches
  9 goblins
  5 hobgoblins
  2 jackals (D:1)
  7 kobolds
  A quokka (D:1)
  4 frilled lizards
  6 rats
109 creatures vanquished.

Notes
Turn   | Place    | Note
-------+----------+-------------------------------------------
     0 | D:1      | pokeman the Deep Elf Hedge Wizard began the quest for the
                  | Orb.
     0 | D:1      | Reached XP level 1. HP: 10/10 MP: 7/7
     3 | D:1      | Noticed an electric eel
     5 | D:1      | Noticed an electric eel
   208 | D:1      | Reached XP level 2. HP: 15/15 MP: 6/9
   617 | D:1      | Reached skill level 5 in Spellcasting
   661 | D:1      | Reached XP level 3. HP: 20/20 MP: 3/11
   665 | D:1      | Learned a level 3 spell: Mephitic Cloud
   669 | D:1      | Learned a level 2 spell: Call Imp
   672 | D:1      | Learned a level 2 spell: Blink
   729 | D:1      | Found a faded altar of an unknown god.
  1119 | D:2      | Reached skill level 1 in Armour
  1151 | D:2      | Reached skill level 1 in Fighting
  1609 | D:2      | Reached XP level 4. HP: 15/25 MP: 5/13
  2276 | D:3      | Noticed Sigmund
  2318 | D:3      | Killed Sigmund
  2319 | D:3      | Reached XP level 5. HP: 29/29 MP: 3/15
  2319 | D:3      | Reached XP level 6. HP: 34/34 MP: 3/16
  2620 | D:3      | Found a white marble altar of Elyvilon.
  2709 | D:3      | Reached skill level 6 in Spellcasting
  2817 | D:3      | Found a hide-covered altar of Uskayaw.
  2831 | D:3      | Found a bloodstained altar of Trog.
  2896 | D:3      | Found a transporter.
  2905 | D:3      | Found a transporter.
  2929 | D:3      | Found a one-way gate to the infinite horrors of the Abyss.
  2929 | D:3      | Noticed rinse's ghost (amateur MfGl)
  3132 | D:4      | Reached skill level 5 in Conjurations
  3376 | D:4      | Reached skill level 1 in Evocations
  3603 | D:4      | Reached skill level 1 in Air Magic
  3690 | D:4      | Identified the +5 mace "Koafed" {pain, rElec rF+ Str+3
                  | Dex+3}
  4225 | D:5      | Entered Level 5 of the Dungeon
  4266 | D:5      | Reached skill level 1 in Poison Magic
  4266 | D:5      | Reached XP level 7. HP: 38/38 MP: 15/19
  4304 | D:5      | Reached skill level 7 in Spellcasting
  4373 | D:5      | Reached skill level 1 in Earth Magic
  4454 | D:5      | Reached skill level 1 in Necromancy
  5105 | D:5      | Reached skill level 1 in Shields
  5417 | D:5      | Reached skill level 8 in Spellcasting
  5961 | D:5      | Reached XP level 8. HP: 36/43 MP: 16/22
  6185 | D:6      | Found a staircase to the Ecumenical Temple.
  6196 | Temple   | Entered the Ecumenical Temple
  6272 | Temple   | Became a worshipper of Vehumet
  6306 | D:6      | Learned a level 3 spell: Stone Arrow
  6634 | D:6      | Splashed by a jelly's acid

Illustrated notes

Levels and vault maps discovered:
D:1:      arrival_aquarium_b, layout_rooms, basic_ecumenical_altar
D:2:      layout_loops_cross
D:3:      layout_basic, lemuel_tele_altar, mainiacjoe_overflow_catch_the_wave,
          gammafunk_ghost_abyssal_escape, uniq_sigmund
D:4:      layout_loops_corners, minmay_bisected
D:5:      layout_layer_cave
D:6:      minmay_general_purpose_star, layout_gridville,
          minmay_temple_entry_statues_pillars, amethyst_killhole,
          nicolae_underground_beach, uniq_grinder
Temple:   compressed_dpeg_triangle_lava_temple

Skill      XL: |  1  2  3  4  5  6  7  8 |
---------------+-------------------------+-----
Spellcasting   | 5 6 8 |  8.8
Armour         | 1 |  1.0
Fighting       | 1 |  1.0
Conjurations   | 2 4 5 6 |  6.2
Stealth        | 3 |  3.0
Dodging        | 3 |  3.0
Evocations     | 1 |  1.0
Air Magic      | 1 |  1.1
Poison Magic   | 1 |  1.0
Earth Magic    | 2 |  2.9
Necromancy     | 1 |  1.1
Shields        | 1 |  1.8
Summonings     | |  1.1
Translocations | |  1.1

Action                     |  1- 3 |  4- 6 |  7- 9 || total
---------------------------+-------+-------+-------++-------
  Melee: Dagger            |     8 |    16 |       ||    24
         Mace              |       |       |    17 ||    17
   Cast: Magic Dart        |    97 |    99 |    89 ||   285
         Mephitic Cloud    |       |     6 |     8 ||    14
         Call Imp          |       |     1 |     4 ||     5
         Blink             |       |       |     3 ||     3
         Stone Arrow       |       |       |    10 ||    10
    Use: Potion            |       |       |     1 ||     1
   Stab: Confused          |       |     2 |       ||     2
 Armour: Robe              |       |     3 |     9 ||    12
  Dodge: Dodged            |    10 |    16 |    35 ||    61

Table legend: (Time is in decaauts)
 A = Elapsed time spent in this place.
 B = Non-inter-level travel time spent in this place.
 C = Inter-level travel time spent in this place.
 D = Time resting spent in this place.
 E = Time spent auto-exploring this place.
 F = Levels seen in this place.
 G = Mean time per level.
                   A        B        C        D        E       F      G
               +--------+--------+--------+--------+--------+-----+--------+
         Total |   6651 |   6469 |    182 |    132 |   5588 |   7 |  950.1 |
       Dungeon |   6556 |   6391 |    165 |    132 |   5527 |   6 | 1092.7 |
        Temple |     94 |     77 |     17 |      0 |     61 |   1 |   94.0 |
               +--------+--------+--------+--------+--------+-----+--------+

Top non-repeatable levels by time:
     D:5: 1873 daAuts
     D:4: 1194 daAuts
     D:3: 1088 daAuts
     D:2: 1036 daAuts
     D:1: 997 daAuts
     D:6: 366 daAuts
  Temple: 94 daAuts
